AoeStats
← Malcolm Little

Arena

508560735Analyzed
4v4 RM · 8d ago on Sep 23, 2026· 33m 20s· 8 players
Game mode
Random Map
Map size
Large (8 player)
Population
200
Speed
Normal
Resources
Standard
Victory
Conquest
Starting age
Dark Age
Ending age
Imperial Age
RankedLock teamsTeams togetherTeam positionsShared explorationLock speedFull tech treeHidden civsTurbo modeCheats
Victory
Defeat
🇦🇷 Sicilians · Argentina
1470
+13
🇵🇪 Cumans · Peru
1444
+14
🇦🇷 Malay · Argentina
1351
+18
🇲🇽 Romans · Mexico
1241
+22
🇩🇴 Spanish · Dominican Republic
1443
-19
🇨🇳 Danes · China
1384
-16
🇨🇴 Huns · Colombia
1372
-16
🇮🇳 Byzantines · India
1368
-16
红黑EX
11:42 Feudal Age
15:21 Castle Age
13:08 Double-Bit Axe
13:28 Horse Collar
16:19 Wheelbarrow
17:50 Bow Saw
23:01 Scale Mail Armor
23:51 Forging
27:47 Gold Mining
28:23 Chain Mail Armor
28:42 Heavy Plow
29:31 Iron Casting
30:53 Arson
31:09 Squires
[MLTS] RKotzen
9:37 Loom
11:22 Feudal Age
15:09 Castle Age
14:28 Double-Bit Axe
14:24 Horse Collar
16:06 Bow Saw
16:15 Heavy Plow
19:56 Loom
21:38 Fletching
Malcolm Little
5:52 Loom
9:23 Feudal Age
9:26 Man-at-Arms
9:53 Double-Bit Axe
11:59 Horse Collar
15:09 Wheelbarrow
16:12 Forging
20:30 Castle Age
19:19 Scale Mail Armor
22:02 Chain Mail Armor
22:44 Iron Casting
23:29 Squires
25:25 Pikeman
Vu_PY
10:46 Feudal Age
16:05 Castle Age
14:02 Double-Bit Axe
13:58 Horse Collar
17:02 Bow Saw
19:29 Wheelbarrow
23:42 Gold Mining
29:02 Imperial Age
26:32 Stone Mining
27:18 Gold Shaft Mining
26:37 Fletching
27:43 Scale Mail Armor
27:54 Forging
27:45 Loom
29:10 Chain Mail Armor
28:16 Man-at-Arms
28:44 Gambesons
29:00 Squires
28:46 Arson
30:29 Iron Casting
29:16 Long Swordsman
ZepedaAn
10:15 Feudal Age
14:41 Castle Age
13:09 Double-Bit Axe
13:42 Horse Collar
20:02 Loom
23:56 Bow Saw
23:49 Heavy Plow
24:40 Wheelbarrow
23:52 Town Watch
26:18 Scale Barding Armor
29:41 Imperial Age
28:36 Chain Barding Armor
28:27 Forging
29:22 Hand Cart
30:37 Bloodlines
30:28 Husbandry
31:06 Plate Barding Armor
31:04 Gold Mining
31:51 Crop Rotation
32:27 Conscription
33:11 Iron Casting
33:45 Gold Shaft Mining
ZEAN430
6:41 Loom
8:44 Feudal Age
11:50 Horse Collar
13:29 Double-Bit Axe
21:20 Castle Age
19:59 Wheelbarrow
19:57 Bloodlines
20:49 Scale Barding Armor
20:54 Forging
21:35 Capped Ram
23:59 Hand Cart
24:45 Chain Barding Armor
27:15 Iron Casting
32:14 Gold Mining
32:50 Town Watch
Peinatequevengo
11:37 Feudal Age
15:22 Castle Age
14:06 Double-Bit Axe
21:13 Forging
21:46 Squires
21:34 Arson
23:03 Iron Casting
26:22 Gold Mining
26:22 Stone Mining
31:35 Horse Collar
IA (versión en CD)
10:38 Feudal Age
11:31 Loom
14:56 Castle Age
13:20 Fletching
27:36 Forging
Connection lost

Rejoining the realm…

Still unreachable

The connection could not be restored.

Session expired

The server has moved on; the page needs a fresh start.